[Event "*** Titled Tuesday Blitz"]
[Site "Chess.com"]
[Date "2020.01.07"]
[Round "5"]
[White "The_Chess_Coach"]
[Black "Babbelbox"]
[Result "0-1"]
[WhiteElo "2209"]
[BlackElo "2513"]
[TimeControl "180+2"]
[EndTime "14:09:17 PST"]
[Termination "Babbelbox won by resignation"]

1. d4 Nf6 2. c4 e6 3. Nc3 Bb4 4.
e3 O-O 5. Bd2 d5 6. cxd5 exd5 7.
Nf3 c6 8. Bd3 Bd6 9. h3 Re8 10.
O-O Nbd7 11. Rb1 a5 12. a3 Nf8 13. b4 axb4 14. axb4 Ne4 15. b5 Bf5 16. bxc6 bxc6 17. Qc2 Ng6 18. Rfc1 Nh4 19. Nxh4 Qxh4 20. Nxe4 dxe4 21. Bf1 Re6 22. Be1 Bxh3 23. g3 Qh5 24. Qxc6 Rf8 25. Qb5 Bf5 26. Bg2 Rh6 27. Kf1 Qg6 28. Rc6 Bh3 29. Bxh3 Rxh3 30. Ke2 Qg4+ 31. Kd2 Rh5 32. Qb6 Be7 33. Rc7 Bd8 34. Qc6 Bxc7 35. Qxc7 Qe6 36. Ke2 Qa2+ 37. Bd2 Qxb1 0-1

[Event "*** Titled Tuesday Blitz"]
[Site "Chess.com"]
[Date "2020.01.07"]
[Round "5"]
[White "AndrewDGreen"]
[Black "INLOVEWITHF"]
[Result "0-1"]
[WhiteElo "2208"]
[BlackElo "2424"]
[TimeControl "180+2"]
[EndTime "14:09:18 PST"]
[Termination "INLOVEWITHF won by resignation"]

1. d4 Nf6 2. Nf3 g6 3. Nc3 d5 4. Bf4 Bg7 5. e3 O-O 6. Be2 Nh5 7. Bg5 c5 8. Ne5 Nf6 9. O-O Nc6 10. Nxc6 bxc6 11. Na4 Ne4 12. Bh4 Qa5 13. c3 cxd4 14.
exd4 e5 15. dxe5 Bxe5 16. Re1 Qc7 17. Bg3 Nxg3 18. hxg3 Rb8 19. c4 d4 20. Rc1 c5 21.
Bg4 Bb7 22. Bf3 Ba6 23. b3 Rbd8 24. Bd5 Bg7 25. Qf3 Bc8 26. Re2 Be6 27. Rce1 Bxd5 28. cxd5 Qd6 29. Rc2 Qxd5 30. Nxc5 Qxf3 31. gxf3 d3 32. Rc4 d2 33. Rd1 Rfe8 34. Ne4 f5 35. Nxd2 Re2 36. Rc2 Bd4 37. Kf1 Rxf2+ 38. Ke1 Re8+ 39.
Ne4 Rxc2 40. Rxd4 fxe4 41. fxe4 Rxa2 0-1

[Event "*** Titled Tuesday Blitz"]
[Site "Chess.com"]
[Date "2020.01.07"]
[Round "5"]
[White "benhal"]
[Black "Pultis"]
[Result "1-0"]
[WhiteElo "2392"]
[BlackElo "2832"]
[TimeControl "180+2"]
[EndTime "14:09:19 PST"]
[Termination "benhal won by resignation"]

1. e4 c6 2. d4 d5 3. exd5 cxd5 4.
Bd3 Nf6 5. c3 Nc6 6. Bf4 Bg4 7.
Qb3 e5 8. h3 exf4 9. hxg4 Qc7 10.
g5 Nd7 11. Nf3 O-O-O 12. Nbd2 Re8+ 13. Kf1 Nb6 14. a4 Na5 15. Qb5 Nc6 16. a5 Nd7 17. Qxd5 Kb8 18. Qxf7 Be7 19. a6 h6 20. axb7 hxg5 21. Rxh8 Rxh8 22. Be4 g4 23. Ng1 Bd6 24.
Qxg7 Re8 25. Bf5 Ne7 26. Bd3 Rg8 27. Qf7 f3 28. gxf3 gxf3 29. Ngxf3 Rf8 30. Qe6 Nf6 31. Nc4 Bf4 32. Nce5 Kxb7 33. Ba6+ Ka8 34. Bb5 Nfd5 35. Bc6+ Nxc6 36. Nxc6 Rf6 37. Rxa7+ Qxa7 38. Qc8+ Bb8 39. Nxa7 Nb6 40. Qd8 Rd6 41. Qe7 Rd7 42. Qc5 Bxa7 43.
Ne5 Rd5 44. Qc6+ Kb8 45. Qe8+ Kb7 46. Qf7+ Ka6 47. Nc6 Rd7 48. Qa2+ 1-0

[Event "*** Titled Tuesday Blitz"]
[Site "Chess.com"]
[Date "2020.01.07"]
[Round "5"]
[White "BobanBogosavljevic"]
[Black "yy2324"]
[Result "0-1"]
[WhiteElo "2727"]
[BlackElo "2593"]
[TimeControl "180+2"]
[EndTime "14:09:20 PST"]
[Termination "yy2324 won by resignation"]

1. Nf3 Nf6 2. c4 g6 3. g3 Bg7 4. Bg2 O-O 5. O-O c6 6. d4 d5 7. Qb3 Qb6 8. Nc3 Bf5 9. Na4 Qxb3 10. axb3 Na6 11. Bf4 Nb4 12. Be5 Ne4 13. Bxg7 Kxg7 14. Rfc1 Nd6 15. cxd5 cxd5 16. Rc7 Rac8 17. Rxe7 Rc2 18.
Nc5 Rc8 19. Nh4 b6 20. Nb7 Rc1+ 21. Rxc1 Rxc1+ 22. Bf1 Bh3 23. Ng2 Kf6 24. Nxd6 Kxe7 25. Nb5 a6 26. Nc3 Kd6 27. f3 Nc2 28. Kf2 Nxd4 29.
Ne3 Bxf1 30. Nxf1 Nxb3 31. Ne3 d4 32. Ne4+ Ke7 33. Nd5+ Kf8 34. Nxb6 Rc2 35. Na4 d3 36. Nec3 Nc1 37. Ke1 Nxe2 38. Nd1 Nd4 39. Nac3 Nxf3+ 0-1

[Event "*** Titled Tuesday Blitz"]
[Site "Chess.com"]
[Date "2020.01.07"]
[Round "5"]
[White "Parhamov"]
[Black "attack2mateU"]
[Result "1-0"]
[WhiteElo "3058"]
[BlackElo "2681"]
[TimeControl "180+2"]
[EndTime "14:09:21 PST"]
[Termination "Parhamov won by checkmate"]

1. e4 c5 2. Nc3 d6 3. d4 cxd4 4. Qxd4 Nc6 5. Qd2 g6 6. b3 Bh6 7. f4 e5 8. Nb5 Bxf4 9. Qxd6 Qxd6 10. Nxd6+ Ke7 11. Ba3 Nd4 12. Bd3 Kf6 13. c3 Ne6 14. Ne2 Kg7 15. O-O Be3+ 16. Kh1 f6 17. Ne8+ Kf7 18.
Nd6+ Kg7 19. Bc4 Nc7 20. Nxc8 Rxc8 21. Rad1 b5 22. Rd7+ Kh6 23. Bf7 Na6 24. Rf3 Nc5 25. Rxa7 Bd2 26. Rh3+ Kg5 27. Bd5 f5 28. Rg3+ Kh6 29.
Rf7 Nxe4 30. Bxe4 fxe4 31. Rh3+ Kg5 32. Ng3 e3 33. Bf8 h5 34. Ne4+ Kg4 35. Rg3+ Kh4 36.
Rxg6 Rxf8 37. g3+ Kh3 38. Ng5+ Kg4 39. Nf3+ Kh3 40. Ng1# 1-0

[Event "*** Titled Tuesday Blitz"]
[Site "Chess.com"]
[Date "2020.01.07"]
[Round "5"]
[White "fish7728"]
[Black "Dynamikus"]
[Result "0-1"]
[WhiteElo "2133"]
[BlackElo "2456"]
[TimeControl "180+2"]
[EndTime "14:09:22 PST"]
[Termination "Dynamikus won by resignation"]

1. d4 Nf6 2. c4 e6 3. Nc3 Bb4 4. f3 c5 5. d5 Nh5 6. g3 f5 7.
Bd2 O-O 8. Nb5 Ba5 9. Qc2 exd5 10. cxd5 d6 11. O-O-O Bxd2+ 12. Qxd2 a6 13. Nc3 b5 14. Nh3 Nd7 15. g4 fxg4 16. fxg4 Nhf6 17. g5 Nh5 18. e3 Ne5 19. Nf4 Nxf4 20. exf4 Ng6 21. h4 Nxf4 22. Ne2 Nh5 23. Bh3 Bxh3 24. Rxh3 Qd7 25. Re3 Rae8 26. Ng3 Nxg3 27. Rxg3 Re4 28. h5 Qf5 29. g6 hxg6 30.
hxg6 Rc4+ 31. Rc3 Rxc3+ 32. Qxc3 Qxg6 33. Qe3 Qh6 34. Qxh6 gxh6 35. Re1 Rf5 36. Re6 Rxd5 37. Rxh6 a5 38. Rh3 a4 39. b3 axb3 40. axb3 Kf7 41. Kc2 Rd4 42. Rh7+ Ke6 43. Rb7 b4 44. Rb8 Kd5 45.
Rc8 Rh4 46. Kb2 Rh2+ 47. Kc1 Kd4 48. Rh8 Rxh8 0-1

[Event "*** Titled Tuesday Blitz"]
[Site "Chess.com"]
[Date "2020.01.07"]
[Round "5"]
[White "narutosmith"]
[Black "Ariadna_Atreides"]
[Result "1-0"]
[WhiteElo "2245"]
[BlackElo "2047"]
[TimeControl "180+2"]
[EndTime "14:09:24 PST"]
[Termination "narutosmith won by checkmate"]

1. e4 c5 2. Nf3 d6 3. d4 cxd4 4. Nxd4 Nf6 5. Nc3 Nc6 6. g3 g6 7.
Nde2 Bg7 8. Bg2 O-O 9. O-O a6 10. a4 Qc7 11. h3 Bd7 12. Be3 Ne5 13.
b3 Bc6 14. Qd2 Rfe8 15. a5 Rac8 16. Bb6 Qb8 17. Nd5 Bxd5 18. exd5 Ned7 19. Bd4 Nh5 20. c4 Nc5 21. Rab1 Bxd4 22. Nxd4 Ng7 23. b4 Nd7 24. Rbc1 Rc7 25. Rfe1 Qa7 26. Kh2 Nf6 27. Bf1 Rec8 28. Bd3 Nd7 29. Nf3 Nf6 30. Re2 Kf8 31. Rce1 Nge8 32.
Qh6+ Kg8 33. Ng5 Ng7 34. Kg2 Kf8 35. Nxh7+ Kg8 36. Ng5 Rd7 37. Rxe7 Rxe7 38. Rxe7 Qd4 39. Rxf7 Qxd3 40. Qxg7# 1-0

[Event "*** Titled Tuesday Blitz"]
[Site "Chess.com"]
[Date "2020.01.07"]
[Round "5"]
[White "Faqade"]
[Black "wonderfultime"]
[Result "0-1"]
[WhiteElo "2646"]
[BlackElo "2959"]
[TimeControl "180+2"]
[EndTime "14:09:26 PST"]
[Termination "wonderfultime won by resignation"]

1. e4 c5 2. Nf3 Nf6 3. Nc3 d5 4. exd5 Nxd5 5. Bb5+ Bd7 6. Bc4 Nb6 7. Be2 Nc6 8. O-O g6 9. a4 Bg7 10. a5 Nc8 11. a6 b6 12. b3 O-O 13. Bb2 Nd6 14.
Qc1 e5 15. Nb5 Nf5 16. d3 Re8 17. Re1 Nb4 18. Nc3 Bc6 19. Ne4 h6 20. Bf1 Qc7 21. c3 Nd5 22. d4 exd4 23. cxd4 Nb4 24. d5 Bxd5 25. Bxg7 Bxe4 26. Bxh6 Bxf3 27. gxf3 Rxe1 28. Qxe1 Nxh6 29. Bc4 Nf5 30. Rd1 Rd8 31. Rxd8+ Qxd8 32. Qe4 Kg7 33. Qb7 Qe7 34. Kf1 Nc2 35. Bd3 Ncd4 36. Be4 b5 37. h3 c4 38. bxc4 bxc4 39. Qb2 Qf6 40. Qc3 Qe5 41. Qxc4 Qb5 42. Bd3 Qxc4 43. Bxc4 Nxf3 44. Ke2 Ne5 45. Bd5 Kf6 46. f4 Nd7 47. Kd3 Nc5+ 48. Kc4 Nxa6 49. Bf3 Nc7 50. Kc5 Ne6+ 51. Kb5 Nxf4 52. Ka6 Nxh3 53. Kxa7 Nd4 54.
Bd1 Nf2 55. Ba4 g5 56. Kb6 g4 57. Kc5 Ke5 58. Be8 g3 59. Bxf7 g2 0-1

[Event "*** Titled Tuesday Blitz"]
[Site "Chess.com"]
[Date "2020.01.07"]
[Round "5"]
[White "FairChess_on_YouTube"]
[Black "Vuk2000"]
[Result "1-0"]
[WhiteElo "2993"]
[BlackElo "2673"]
[TimeControl "180+2"]
[EndTime "14:09:31 PST"]
[Termination "FairChess_on_YouTube won by resignation"]

1. e4 d5 2. exd5 Qxd5 3. Nc3 Qd6 4. d4 Nf6 5. Nf3 c6 6. g3 Bg4 7. Bg2 e6 8. Bf4 Qd8 9. h3 Bxf3 10. Qxf3 Bd6 11.
Bg5 Nbd7 12. O-O-O Qa5 13. Bd2 Bb4 14. Kb1 Bxc3 15.
Bxc3 Qd5 16. Bb4 O-O-O 17. Rhe1 Nb6 18. b3 Rhe8 19. c4 Qxf3 20. Bxf3 Kc7 21. Ba5 Kc8 22. c5 Nbd5 23. Bxd8 Rxd8 24. Kb2 Kc7 25. a3 Ne7 26. b4 g5 27. Kc3 h5 28. Re5 g4 29.
hxg4 hxg4 30. Bg2 Nf5 31. Be4 Ne7 32. Rh1 Rg8 33. Rh6 Nd7 34. Reh5 a5 35. Rh8 axb4+ 36. axb4 Nf6 37. Kd3 Nxh5 38. Rxh5 Kd7 39. Rh7 Ke8 40.
Kc4 Nd5 41. Rh1 Ke7 42. Ra1 Nf6 43. Bg2 Rd8 44. Ra7 Rd7 45. b5 Nd5 46. Bxd5 exd5+ 47. Kb4 Ke6 48. bxc6 bxc6 49. Rxd7 Kxd7 50. Ka5 Kc7 51. Ka6 f5 52. Ka7 Kd7 53. Kb6 1-0

[Event "*** Titled Tuesday Blitz"]
[Site "Chess.com"]
[Date "2020.01.07"]
[Round "5"]
[White "Firouzja2003"]
[Black "BilodeauA"]
[Result "0-1"]
[WhiteElo "3055"]
[BlackElo "2817"]
[TimeControl "180+2"]
[EndTime "14:09:36 PST"]
[Termination "BilodeauA won on time"]

1. Nf3 d5 2. g3 Nd7 3. d4 Nb6 4. Bg2 Bf5 5. b3 e6 6. Bb2 h6 7. Nbd2 Nf6 8. O-O Be7 9. c4 c6 10. e3 O-O 11. Qe2 a5 12. a3 Ne4 13.
Rfc1 Re8 14. Ne5 Nxd2 15. Qxd2 Nd7 16. Nf3 Be4 17. Qe2 a4 18. b4 Nb6 19. c5 Nc4 20.
Bc3 Bf6 21. Nd2 Nxd2 22. Qxd2 Bxg2 23. Kxg2 e5 24. dxe5 Bxe5 25. Bxe5 Rxe5 26. Rab1 Qd7 27. b5 Re4 28. Rb4 Rae8 29. bxc6 bxc6 30. Rcb1 h5 31.
Rxe4 Rxe4 32. Rb4 Qe7 33. Qc3 f5 34. h4 Kh7 35. Kf1 Rxb4 36. Qxb4 Qe4 37. Qd4 Qh1+ 38. Ke2 Qc1 39. Qe5 Qc4+ 40. Kf3 Qxc5 41. Qxf5+ Kg8 42.
Qxh5 Qxa3 43. Qe8+ Qf8+ 0-1

[Event "*** Titled Tuesday Blitz"]
[Site "Chess.com"]
[Date "2020.01.07"]
[Round "5"]
[White "norwaytoadog"]
[Black "ShahMatKanal"]
[Result "0-1"]
[WhiteElo "2328"]
[BlackElo "2553"]
[TimeControl "180+2"]
[EndTime "14:09:38 PST"]
[Termination "ShahMatKanal won by resignation"]

1. e4 d5 2. exd5 Qxd5 3. Nc3 Qd6 4. d4 Nf6 5. Nf3 c6 6. h3 g6 7. Ne5 Bg7 8. Bf4 Qd8 9. Bc4 e6 10. O-O O-O 11. a4 Nd5 12. Nxd5 exd5 13. Bd3 Nd7 14. Ng4 h5 15. Nh6+ Kh8 16. Qd2 Nf6 17. Be5 Ne4 18. Bxe4 dxe4 19. Ng4 f6 20. Bxf6 Rxf6 21. Nxf6 Qxf6 22.
c3 Bf5 23. f3 exf3 24. Rxf3 Qd6 25. Re1 c5 26. Qg5 cxd4 27. g4 Bc2 28. gxh5 dxc3 29.
h6 Bd4+ 30. Kh1 cxb2 31. Rf7 b1=Q 32. Rxb1 Bxb1 33. h7 Qc6+ 34. Kh2 Qc2+ 35. Kg3 Qd3+ 36. Rf3 Qe4 37. h4 Be5+ 38. Kf2 Rc8 39. Qe7 Bd4+ 40.
Kg3 Qxe7 0-1

[Event "*** Titled Tuesday Blitz"]
[Site "Chess.com"]
[Date "2020.01.07"]
[Round "5"]
[White "SirMittensofMittensville"]
[Black "goldenspine"]
[Result "1-0"]
[WhiteElo "2558"]
[BlackElo "2342"]
[TimeControl "180+2"]
[EndTime "14:09:40 PST"]
[Termination "SirMittensofMittensville won by resignation"]

1. e4 c6 2. Nc3 d5 3. Nf3 dxe4 4. Nxe4 Nd7 5. Bc4 e6 6. d4 Ngf6 7. Nxf6+ Nxf6 8. O-O Bd6 9. Qe2 O-O 10. Bg5 h6 11. Bh4 Be7 12. Rad1 Qa5 13. Ne5 c5 14. Ng4 Nd5 15. Bxe7 Nxe7 16. Qe5 b6 17. Bd3 f5 18. Qd6 Nd5 19. Ne5 cxd4 20. Ng6 Re8 21. Qc6 Ba6 22. Bxa6 Qxa6 23. Rxd4 Rac8 24. Qd6 Qb5 25. c3 Qc6 26. Qxc6 Rxc6 27. Ne5 Rc7 28. Rfd1 Nf6 29. c4 Ne4 30. f3 Nc5 31. b3 Rec8 32. Kf2 a5 33. h4 Nb7 34. h5 Kf8 35. Rd7 Ke8 36. Kg3 Rc5 37. Rxb7 Rxe5 38. Rdd7 f4+ 39. Kxf4 Rf5+ 40. Ke4 Rd8 41.
Rxg7 Kf8 42. Rh7 Kg8 43. Rbg7+ Kf8 44. Rh8+ Kxg7 45. Rxd8 Rxh5 46. Rd6 Rh2 47. g4 Rxa2 48. Rxe6 a4 49. bxa4 Rxa4 50. Kd5 Ra3 51. f4 Rg3 52. Rxb6 Rxg4 53. Ke5 Rg1 54. Rb7+ Kg6 55. f5+ Kg5 56. Rg7+ Kh5 57. Rxg1 1-0

[Event "*** Titled Tuesday Blitz"]
[Site "Chess.com"]
[Date "2020.01.07"]
[Round "5"]
[White "NikolaMa2000"]
[Black "Proteuo"]
[Result "0-1"]
[WhiteElo "2034"]
[BlackElo "2317"]
[TimeControl "180+2"]
[EndTime "14:09:40 PST"]
[Termination "Proteuo won on time"]

1. d4 Nf6 2. c4 e6 3. g3 d5 4. Bg2 Be7 5. Nf3 O-O 6. O-O b6 7. b3 Bb7 8. Bb2 Nbd7 9. Nc3 c5 10.
cxd5 Nxd5 11. Nb5 a6 12. Na3 Rc8 13. Nc4 b5 14. Nce5 Nxe5 15. Nxe5 c4 16. e4 Nb6 17. Rc1 f6 18. Ng4 Qd7 19. Qe2 Rfd8 20. Rfd1 Bf8 21.
Ne3 cxb3 22. axb3 f5 23. d5 fxe4 24. dxe6 Qxe6 25. Rxd8 Rxd8 26. Rc7 Rd7 27. Qc2 Rxc7 28. Qxc7 Qc6 29. Qe5 Nd7 30. Qg5 h6 31. Qg4 Nf6 32.
Qf5 Bc8 33. Qe5 Bd6 34. Qd4 Bc5 35. Qe5 Bxe3 36. fxe3 Qc2 37. Bxe4 Qxe4 38. Qc7 Qxe3+ 39. Kg2 Qe2+ 40. Kg1 Bh3 41. Qd8+ Kh7 0-1

[Event "*** Titled Tuesday Blitz"]
[Site "Chess.com"]
[Date "2020.01.07"]
[Round "5"]
[White "SlavenPastar"]
[Black "StephenDedalus83"]
[Result "0-1"]
[WhiteElo "2522"]
[BlackElo "2710"]
[TimeControl "180+2"]
[EndTime "14:09:41 PST"]
[Termination "StephenDedalus83 won by resignation"]

1. d4 g6 2. c4 Bg7 3. Nc3 d6 4. Nf3 Bg4 5. h3 Bxf3 6. exf3 Nc6 7. Be3 Nf6 8. Be2 O-O 9. O-O e5 10. d5 Ne7 11. Rc1 Nd7 12. b4 a5 13. a3 axb4 14.
axb4 Nf5 15. Bd3 Nxe3 16. fxe3 Bh6 17. Qe2 f5 18. Ra1 Qg5 19. f4 Qf6 20. Nb5 Rxa1 21.
Rxa1 e4 22. Ra7 exd3 23. Qxd3 Qb2 24. Rxb7 Qxb4 25. Rxc7 Nf6 26. Qd4 Bg7 27. Qa7 Ne8 28. Rc6 Bf6 29. Qd7 Qe1+ 30. Kh2 Qxe3 31. Qe6+ Qxe6 32.
dxe6 Be7 33. Ra6 Kg7 34. Ra7 Kf6 35. Nd4 Ng7 36. Nc6 Re8 37. g4 Nxe6 38. g5+ Kf7 39. Kg3 Nc5 40. Rc7 Kf8 41. Kf3 Ne6 42. Ra7 Nd8 43. Nd4 Kf7 44. Nb5 Kg8 45. h4 Ne6 46. Rd7 Bf8 47. Nxd6 Nd4+ 48. Kf2 Re2+ 49. Kf1 Bxd6 50. Rxd6 Re4 51. c5 Rxf4+ 52. Kg2 Rxh4 53. c6 Nxc6 54. Rxc6 Rg4+ 55. Kf3 Rxg5 56. Kf4 Rg4+ 57. Ke5 Re4+ 58. Kf6 Re8 59. Rc7 Rf8+ 60. Kg5 Rf7 61. Rc8+ Kg7 0-1

[Event "*** Titled Tuesday Blitz"]
[Site "Chess.com"]
[Date "2020.01.07"]
[Round "5"]
[White "AlexTriapishko"]
[Black "Manukyan_Artak"]
[Result "1-0"]
[WhiteElo "2825"]
[BlackElo "2480"]
[TimeControl "180+2"]
[EndTime "14:09:41 PST"]
[Termination "AlexTriapishko won by resignation"]

1. Nf3 g6 2. g3 Bg7 3. d4 d5 4.
Bg2 Nf6 5. O-O O-O 6. c4 c6 7. a4 Ne4 8. Nc3 Nd7 9. a5 Ndf6 10. cxd5 cxd5 11. Ne5 h5 12. h3 Bf5 13. Qb3 Nxc3 14. bxc3 Qc8 15. Ba3 Bxh3 16. Bxe7 Bxg2 17. Kxg2 Re8 18. Bxf6 Bxf6 19. Nd3 Qf5 20. Nf4 Rad8 21.
Qb1 Qc8 22. Qd3 Bg5 23. Nh3 Bh6 24. Ra4 Rd7 25. e3 Rc7 26. Rc1 Rc4 27. Rxc4 Qxc4 28. Qxc4 dxc4 29. Rb1 Re7 30. Kf3 Rc7 31. Nf4 Bxf4 32.
Kxf4 Kg7 33. Ke5 g5 34. d5 h4 35. gxh4 gxh4 36. Rh1 Rc5 37. Rxh4 Rxa5 38. Rg4+ Kf8 39. Rxc4 Ra2 40. f4 a5 41. d6 Ke8 42. Rc8+ Kd7 43. Rc7+ Kd8 44. Rxb7 Rc2 45. Rxf7 Rxc3 46. e4 a4 47. Ke6 Ke8 48. d7+ 1-0

[Event "*** Titled Tuesday Blitz"]
[Site "Chess.com"]
[Date "2020.01.07"]
[Round "5"]
[White "BjarkeSahl"]
[Black "PowerThinking2650"]
[Result "1-0"]
[WhiteElo "2183"]
[BlackElo "2349"]
[TimeControl "180+2"]
[EndTime "14:09:41 PST"]
[Termination "BjarkeSahl won by resignation"]

1. d4 Nf6 2. c4 g6 3. Nc3 Bg7 4. e4 d6 5. Nf3 O-O 6. Be2 e5 7. O-O Nc6 8. d5 Ne7 9. b4 Nh5 10. Re1 a5 11. Ba3 Nf4 12. Bf1 f5 13. bxa5 b6 14. Bb4 bxa5 15. Ba3 fxe4 16. Nxe4 Bg4 17.
Neg5 h6 18. h3 Bh5 19. Ne6 Nxe6 20. dxe6 Bxf3 21. gxf3 Qc8 22. c5 Qxe6 23. cxd6 cxd6 24.
Qxd6 Qxd6 25. Bxd6 Bf6 26. f4 e4 27. Rac1 Rad8 28. Be5 Bxe5 29. fxe5 Rd2 30. Re2 Rd4 31.
Rce1 Rf4 32. Bg2 Kf7 33. Bxe4 Ke6 34. Bg2 Nf5 35. Rb2 Nh4 36. Rb6+ Ke7 37. Bb7 Nf3+ 38. Bxf3 Rxf3 39. e6 Rd8 40. Rb7+ Ke8 41. Rh7 Rd5 42. e7 Rdf5 43. Rh8+ Rf8 44. exf8=Q+ 1-0

[Event "*** Titled Tuesday Blitz"]
[Site "Chess.com"]
[Date "2020.01.07"]
[Round "5"]
[White "francyIM"]
[Black "AntonSmirnov"]
[Result "1-0"]
[WhiteElo "2619"]
[BlackElo "2855"]
[TimeControl "180+2"]
[EndTime "14:09:44 PST"]
[Termination "francyIM won by resignation"]

1. d4 d5 2. c4 c6 3. Nf3 Nf6 4. Nc3 dxc4 5. a4 Bf5 6. Ne5 e6 7. Nxc4 Bb4 8. f3 O-O 9. Bg5 c5 10. dxc5 Qxd1+ 11. Rxd1 Bc2 12. Rd2 Bxc3 13. bxc3 Bxa4 14.
e4 h6 15. Be3 Bc6 16. Be2 Nbd7 17. Na5 Rfc8 18. O-O Ne5 19. Bd4 Ng6 20. Nc4 Nf4 21.
Nd6 Nxe2+ 22. Rxe2 Rc7 23. h4 Ne8 24. Rd2 Rd7 25. e5 Nxd6 26. cxd6 a5 27. c4 a4 28.
Ra1 Rf8 29. f4 h5 30. c5 f6 31. g3 Kf7 32. Ra3 Kg6 33. Kf2 Kf5 34. Re2 Ra8 35. Bc3 Rdd8 36. Bd4 Ra5 37. Rb2 Rb5 38. Rxb5 Bxb5 39. Ke3 Bc6 40. Kd2 Ra8 41. Kc3 Ra5 42. Kc4 Ra8 43. Kb4 Ke4 44. Bb2 Kf5 45. Re3 Bd7 46.
Ba1 Bc6 47. Rd3 Bd7 48. Bb2 Ke4 49.
Rd1 f5 50. Rd4+ Ke3 51. Rc4 Bc6 52. Rc3+ Kd2 53. Bc1+ Kd1 54. Kc4 Ra5 55. Ba3 Ke2 56. Bb4 Bd5+ 57. Kd4 Rb5 58. Re3+ Kf2 59. Be1+ Kg2 60. d7 b6 61. cxb6 1-0

[Event "*** Titled Tuesday Blitz"]
[Site "Chess.com"]
[Date "2020.01.07"]
[Round "5"]
[White "igorkovalenko"]
[Black "TheBigBoss04"]
[Result "1-0"]
[WhiteElo "2912"]
[BlackElo "2727"]
[TimeControl "180+2"]
[EndTime "14:09:45 PST"]
[Termination "igorkovalenko won by resignation"]

1. c4 Nf6 2. Nc3 e5 3. Nf3 Nc6 4. d3 Bb4 5. Bd2 d6 6. a3 Ba5 7. b4 Bb6 8. e3 O-O 9. Be2 Re8 10. Qc2 Bf5 11. Ng5 h6 12. Nge4 a5 13. Rb1 axb4 14. axb4 Nd7 15. O-O Bg6 16. Nd5 f5 17. Nec3 e4 18.
Nf4 Bh7 19. Bh5 exd3 20. Qb3 Kh8 21. Bxe8 Qxe8 22. Ncd5 Nce5 23. Ra1 Rc8 24. Rfc1 Bg8 25. Nxd3 Nxd3 26. Qxd3 Ne5 27. Qxf5 Bh7 28. Qh3 Nd3 29. Rf1 Nb2 30. Bc3 Nxc4 31. Qxh6 Qf7 32. Nxb6 Nxb6 33.
Qh3 Kg8 34. Bd4 Bf5 35. Qg3 Nc4 36. Ra7 c5 37. bxc5 dxc5 38. Bc3 Be4 39. h4 Bc6 40. Rd1 Re8 41. h5 Kh7 42. Qg5 Rf8 43. f3 Re8 44. e4 Rc8 45. Qg4 Rc7 46. Rd8 Bd7 47. Raa8 Rc8 48. Raxc8 1-0

[Event "*** Titled Tuesday Blitz"]
[Site "Chess.com"]
[Date "2020.01.07"]
[Round "5"]
[White "Indianlad"]
[Black "IMUltimateBeast"]
[Result "0-1"]
[WhiteElo "2907"]
[BlackElo "2645"]
[TimeControl "180+2"]
[EndTime "14:09:45 PST"]
[Termination "IMUltimateBeast won by resignation"]

1. d4 Nf6 2. c4 e6 3. Nf3 Bb4+ 4. Nbd2 b6 5. a3 Bxd2+ 6. Qxd2 Bb7 7. e3 O-O 8. Bd3 d6 9. Qc2 c5 10. dxc5 bxc5 11.
O-O Qe7 12. b3 Nbd7 13. Bb2 e5 14. Nd2 a5 15. Rfe1 g6 16. f4 Rfe8 17. f5 e4 18. Be2 Ne5 19. Rf1 g5 20. h3 h6 21.
Bc3 Kh7 22. b4 axb4 23. axb4 cxb4 24. Bxb4 Qc7 25. Bc3 Rxa1 26. Rxa1 Nfd7 27. Bd4 Qc6 28. Qb2 Nd3 29. Qb5 N3e5 30. Ra7 Rb8 31. Qa5 Qc8 32. Qa3 Qc6 33. Nf1 Ra8 34. Rxa8 Bxa8 35. Ng3 Bb7 36. Kh2 Nd3 37. Qa5 N3e5 38. Qd8 Qc8 39. Qe7 Qf8 40. Qxf8 Nxf8 41. Bxe5 dxe5 42. Nh5 Nd7 43. Kg1 Kg8 44. Kf2 Kf8 45. Ke1 Ke7 46.
Kd2 Kd6 47. Kc3 Kc5 48. Nf6 Nxf6 49. g4 Ba6 0-1

[Event "*** Titled Tuesday Blitz"]
[Site "Chess.com"]
[Date "2020.01.07"]
[Round "5"]
[White "chito89"]
[Black "KRASAVCHIK2002"]
[Result "0-1"]
[WhiteElo "2688"]
[BlackElo "2478"]
[TimeControl "180+2"]
[EndTime "14:09:45 PST"]
[Termination "KRASAVCHIK2002 won by resignation"]

1. d4 Nf6 2. c4 c5 3. d5 b5 4. cxb5 a6 5. e3 axb5 6. Bxb5 Qa5+ 7. Nc3 Bb7 8. Bd2 Qb6 9. a4 e6 10. Nf3 exd5 11. O-O Be7 12. Ne2 O-O 13. Ng3 Ne4 14. Nxe4 dxe4 15. Ne5 d5 16. Bc3 Bf6 17. Qd2 Qe6 18.
f4 exf3 19. Nxf3 Bxc3 20. Qxc3 Na6 21. Nh4 g6 22. Rf4 g5 23. Rf6 d4 24. Rxe6 dxc3 25. Rb6 cxb2 26. Rb1 c4 27. Rxb2 c3 28. Rf2 Be4 29.
Nf3 c2 30. Rf1 Nb4 31. Nd2 Rfd8 32. Nxe4 Rd1 33. Nf6+ Kh8 34. Rb7 Rxf1+ 35. Bxf1 c1=Q 36. Rxf7 Qxe3+ 37. Kh1 Ra7 0-1

[Event "*** Titled Tuesday Blitz"]
[Site "Chess.com"]
[Date "2020.01.07"]
[Round "5"]
[White "ChainsOfFantasia"]
[Black "Everyfishknows"]
[Result "1-0"]
[WhiteElo "2514"]
[BlackElo "2334"]
[TimeControl "180+2"]
[EndTime "14:09:47 PST"]
[Termination "ChainsOfFantasia won by resignation"]

1. d4 Nf6 2. Nf3 g6 3. c4 Bg7 4.
Nc3 d5 5. h4 c5 6. cxd5 Nxd5 7.
h5 cxd4 8. Nxd4 Nxc3 9. bxc3 e5 10. Nb5 Qxd1+ 11. Kxd1 Na6 12. Nd6+ Kd7 13. Nxf7 Rf8 14.
Ng5 h6 15. Ne4 g5 16. Ba3 Rf4 17. f3 b6 18. e3 Rf7 19. Bc4 Rf5 20. Nd6 Rf6 21.
Nxc8 b5 22. Bxb5+ Kxc8 23. Ke2 Kc7 24. Rhd1 Rd8 25. Rxd8 Kxd8 26. Rd1+ Kc8 27. Rd6 Rxd6 28. Bxd6 Nc7 29. Bc4 Kd7 30. Bc5 a6 31. Bb6 Bf6 32.
Bxc7 Kxc7 33. Bxa6 Kb6 34. Bc8 Kc5 35. Kd3 g4 36.
Be6 gxf3 37. gxf3 Bg5 38. a4 Kd6 39. Bc4 Kc5 40. Bb5 Kd5 41. c4+ Kd6 42. Ke4 Bd8 43. f4 exf4 44. exf4 Ke6 45. c5 Bc7 46. Bc4+ Kf6 47. Bd3 Bd8 48. c6 Bc7 49. Kd5 Ke7 50. f5 Kf6 51. Bc2 Kg5 52. Ke6 Kxh5 53. f6 1-0

[Event "*** Titled Tuesday Blitz"]
[Site "Chess.com"]
[Date "2020.01.07"]
[Round "5"]
[White "Pilopa"]
[Black "snowlord"]
[Result "0-1"]
[WhiteElo "2555"]
[BlackElo "2776"]
[TimeControl "180+2"]
[EndTime "14:09:49 PST"]
[Termination "snowlord won by resignation"]

1. d4 Nf6 2. c4 e6 3. Nf3 Bb4+ 4. Bd2 a5 5. a3 Bxd2+ 6. Qxd2 O-O 7. Nc3 d6 8. g4 Nxg4 9. Rg1 e5 10. h3 exd4 11.
hxg4 dxc3 12. Qxc3 Nd7 13. O-O-O Qf6 14. Nd4 Qxf2 15.
Bg2 Qf4+ 16. Kb1 Qe5 17. g5 Nc5 18. Rdf1 Ne6 19. e3 c5 20. Nb5 Qxc3 21. Nxc3 Nxg5 22. Bd5 h6 23. Nb5 Ra6 24. Nc7 Rb6 25. Ka2 Be6 26. Rxg5 Bh3 27. Rh1 hxg5 28. Rxh3 g6 29.
Nb5 Kg7 30. Kb3 g4 31. Rh1 f5 32. Ka4 Re8 33. Rd1 Rxe3 34. Bh1 f4 35. Nc7 Rxb2 36. Rxd6 Rbb3 37. Kxa5 Rxa3+ 38. Kb6 f3 39. Ne6+ Kh6 40.
Rd8 Rxe6+ 41. Kxc5 Ra1 42. Kd5 Rd1+ 43. Kxe6 Rxd8 44.
Ke5 Kg5 45. Ke4 Kh4 46. Kf4 Rf8+ 47. Ke3 Kg3 0-1

[Event "*** Titled Tuesday Blitz"]
[Site "Chess.com"]
[Date "2020.01.07"]
[Round "5"]
[White "Genghis_K"]
[Black "SavelijTartakover"]
[Result "1-0"]
[WhiteElo "2908"]
[BlackElo "2711"]
[TimeControl "180+2"]
[EndTime "14:10:04 PST"]
[Termination "Genghis_K won by resignation"]

1. e4 e6 2. d4 d5 3. exd5 exd5 4. Nf3 Nc6 5. Bd3 Bg4 6. c3 Bd6 7. O-O Nge7 8. Re1 Qd7 9. Nbd2 O-O 10. h3 Bf5 11. Nf1 Rae8 12. Ne3 Bxd3 13. Qxd3 Nd8 14. c4 c6 15. c5 Bc7 16. b4 Ne6 17. Bd2 Nf4 18. Qb3 Nxh3+ 19. gxh3 Qxh3 20. Ng2 f6 21. Bf4 Bxf4 22. Nxf4 Qg4+ 23. Ng2 Nf5 24. Kf1 Nxd4 25. Nxd4 Qxd4 26. Rad1 Qg4 27. a3 a6 28. Qg3 Qxg3 29. fxg3 Kf7 30. Nh4 g6 31.
Kf2 Rxe1 32. Rxe1 Re8 33. Rxe8 Kxe8 34. g4 Ke7 35. Nf3 Ke6 36. Ke3 g5 37. Nd4+ Ke5 38.
Nf3+ Ke6 39. Kf2 h6 40. Kg3 f5 41. Nd4+ Ke5 42. Nxf5 h5 43. Nd6 h4+ 44. Kf3 d4 45.
Nxb7 h3 46. Na5 h2 47. Kg2 d3 48. Nb3 Kf4 49. Kxh2 Kxg4 50. Kg2 Kf4 51. a4 Ke5 52. a5 Kd5 53. Nd2 g4 54. Kg3 Kd4 55. b5 Ke3 56. bxc6 Kxd2 57. c7 1-0